 Dungeon Crawl Stone Soup version 0.26-a0-638-gcca6ad1 (webtiles) character file.

Game seed: 3029941503569760009

130477 royokou the Scorcher (level 17, -1/129 HPs)
             Began as a Human Conjurer on Sept 14, 2020.
             Was the Champion of Vehumet.
             Slain by the 27-headed Lernaean hydra (10 damage)
             ... on level 4 of the Swamp on Sept 15, 2020.
             The game lasted 03:31:15 (39091 turns).

royokou the Scorcher (Human Conjurer)              Turns: 39091, Time: 03:31:15

Health: -1/129     AC: 19    Str:  9    XL:     17   Next: 64%
Magic:  3/32       EV: 15    Int: 25    God:    Vehumet [******]
Gold:   1957       SH:  0    Dex: 13    Spells: 6/38 levels left

rFire    + . .     SeeInvis .   Z - staff of conjuration
rCold    x . .     Faith    .   (no shield)
rNeg     . . .     Spirit   .   a - +0 swamp dragon scales
rPois    +         Reflect  .   z - +0 helmet
rElec    +         Harm     .   v - +0 cloak {rCorr}
rCorr    +         Rampage  .   B - +1 pair of gloves
MR       +++..     Rnd*Rage +   E - +1 pair of boots of Incorporation {rElec rPois MR++ Stlth-}
Stlth    ..........             Y - amulet of magic regeneration
HPRegen  0.31/turn              s - +4 ring of protection
MPRegen  0.48/turn              c - ring of fire

@: flying, hasted, very quick
A: yellow scales 1, berserk 1, clever 1
a: Renounce Religion


You were on level 4 of the Swamp.
You worshipped Vehumet.
Vehumet was exalted by your worship.
You visited 4 branches of the dungeon, and saw 27 of its levels.

You collected 3322 gold pieces.
You spent 1365 gold pieces at shops.

Inventory:

Hand Weapons
 t - a +0 triple sword of protection
 J - the +6 quarterstaff "Saxosod" {elec, rN+ Stlth+}
   (You took it off a kobold on level 10 of the Dungeon)

   Occasionally, upon striking a foe, it will discharge some electrical energy
   and cause terrible harm.
   It protects you from negative energy.
   It makes you more stealthy.
Armour
 a - +0 swamp dragon scales (worn)
 n - a scarf of resistance
 v - a +0 cloak of preservation (worn)
 y - +0 ice dragon scales
 z - a +0 helmet (worn)
 B - a +1 pair of gloves (worn)
 E - the +1 pair of boots of Incorporation (worn) {rElec rPois MR++ Stlth-}
   (You found it on level 6 of the Dungeon)

   It insulates you from electricity.
   It protects you from poison.
   It affects your resistance to hostile enchantments.
   It makes you less stealthy.
Magical Staves
 Z - an uncursed staff of conjuration (weapon)
Jewellery
 c - a ring of fire (right hand)
 e - an uncursed ring of resist corrosion
 s - a +4 ring of protection (left hand)
 u - the ring of Vyatze {rF++ rC+++ Str-4 Int+6}
   (You found it on level 4 of the Swamp)

   [ring of intelligence]

   It affects your strength (-4).
   It affects your intelligence (+6).
   It greatly protects you from fire.
   It renders you almost immune to cold.
 w - an uncursed ring of flight
 T - a +6 ring of dexterity
 Y - an amulet of magic regeneration (around neck)
Wands
 g - a wand of enslavement (5)
 F - a wand of paralysis (10)
 H - a wand of iceblast (16)
 P - a wand of acid (24)
 Q - a wand of flame (51)
 S - a wand of random effects (28)
 U - a wand of disintegration (24)
Scrolls
 b - 3 scrolls of fear
 d - 3 scrolls of enchant armour
 f - 8 scrolls of teleportation
 i - 3 scrolls of fog
 j - 3 scrolls of noise
 o - 2 scrolls of blinking
 A - 5 scrolls of amnesia
 C - 6 scrolls of remove curse
 I - a scroll of brand weapon
 K - a scroll of torment
 L - 6 scrolls of enchant weapon
 M - 3 scrolls of magic mapping
 N - 4 scrolls of immolation
 W - 9 scrolls of identify
Potions
 h - a potion of flight
 k - 10 potions of curing
 l - 5 potions of brilliance
 m - a potion of berserk rage
 p - 3 potions of invisibility
 q - 2 potions of might
 r - 6 potions of stabbing
 x - 5 potions of lignification
 D - 3 potions of haste
 G - 5 potions of ambrosia
 O - 5 potions of degeneration
 V - a potion of magic
Miscellaneous
 X - a box of beasts (3/3)


   Skills:
 - Level 10.4 Fighting
 - Level 10.0 Dodging
 - Level 2.1 Stealth
 - Level 11.4 Spellcasting
 + Level 16.5 Conjurations
 + Level 16.6 Fire Magic


You had 6 spell levels left.
You knew the following spells:

 Your Spells              Type           Power        Failure   Level
a - Magic Dart            Conj           ####         0%          1
b - Searing Ray           Conj           ######       0%          2
c - Dazzling Flash        Conj/Hex       ######       1%          3
d - Iskenderun's Mystic   Conj/Tloc      ######..     1%          4
e - Fireball              Conj/Fire      ########..   1%          5
f - Bolt of Magma         Conj/Fire/Erth ########..   1%          5
g - Orb of Destruction    Conj           #######...   3%          7
h - Iskenderun's Battles  Conj           #######.     1%          5

Your spell library contained the following spells:

 Spells                   Type           Power        Failure   Level
 Irradiate                Conj/Tmut      ######....   3%          5
 Ignite Poison            Fire/Tmut/Pois ######..     1%          3
 Fulminant Prism          Conj/Hex       ######....   1%          4
 Starburst                Conj/Fire      ########..   1%          6
 Animate Skeleton         Necr           ##....       12%         1
 Beastly Appendage        Tmut           ##....       12%         1
 Summon Small Mammal      Summ           ##..         12%         1
 Iron Shot                Conj/Erth      ######....   16%         6
 Wereblood                Tmut           ##......     19%         2
 Call Canine Familiar     Summ           ##......     34%         3
 Spider Form              Tmut/Pois      ##........   34%         3
 Animate Dead             Necr           ##........   75%         4
 Ice Form                 Ice/Tmut       ##......     75%         4
 Agony                    Necr           ##......     97%         5
 Blade Hands              Tmut           ##........   97%         5
 Shadow Creatures         Summ           N/A          100%        6
 Ignition                 Fire           #######...   22%         8
 Spellforged Servitor     Conj/Summ      ######....   61%         7


Dungeon Overview and Level Annotations

Branches:
Dungeon (15/15)            Temple (0/1) D:6            Lair (6/6) D:8
  Swamp (4/4) Lair:3        Snake (0/4) Lair:4        Slime (0/5) Lair:5
    Orc (2/2) D:11            Elf (0/3) Orc:2        Vaults (0/5) D:14
 Depths (0/5) D:15

Altars:
Ashenzari
Cheibriados
Dithmenos
Fedhas
Kikubaaqudgha
Nemelex Xobeh
Trog
Uskayaw
Vehumet
Wu Jian
Xom
Yredelemnul
Zin
The Shining One
Beogh
Jiyva

Shops:
D:5 :}::?   D:8 :   D:9 [   D:13 [   Orc:2 ((=(

Portals:
Trove: D:13 (give 13 scrolls of teleportation)

Annotations:
D:8 1 runed translucent door, miscthings's ghost, novice TrAr
Swamp:4 Lernaean hydra


Innate Abilities, Weirdness & Mutations

You are partially covered in yellow scales. (AC +2)
You tend to lose your temper in combat.
Your mind is acute. (Int +2)


Message History

The seven-headed hydra closely misses you.
The seven-headed hydra misses you.
The seven-headed hydra bites you but does no damage. x2
You feel very buoyant.
You fly up into the air.
The 27-headed Lernaean hydra closely misses you.
The 27-headed Lernaean hydra misses you.
The 27-headed Lernaean hydra bites you but does no damage.
The 27-headed Lernaean hydra closely misses you.
The 27-headed Lernaean hydra bites you but does no damage.
The 27-headed Lernaean hydra bites you!
* * * LOW HITPOINT WARNING * * *
The 27-headed Lernaean hydra bites you but does no damage.
The 27-headed Lernaean hydra barely misses you.
The 27-headed Lernaean hydra bites you!
* * * LOW HITPOINT WARNING * * *
The 27-headed Lernaean hydra misses you.
The 27-headed Lernaean hydra bites you but does no damage. x3
The 27-headed Lernaean hydra bites you!
You die...

♣♣♣♣♣≈.≈≈≈≈≈≈≈≈....♣♣≈[≈≈.≈≈≈≈♣
♣♣....≈≈≈≈≈≈≈≈≈≈..≈≈≈♣♣.≈≈≈≈≈≈♣♣
♣.≈≈≈≈§≈.≈≈≈÷..≈≈≈≈≈≈.♣♣.≈≈≈.♣♣
♣.≈≈≈≈≈.≈≈≈♣♣.≈≈≈≈≈≈≈§♣.≈≈≈.♣♣
♣.≈≈≈..♣♣♣♣♣♣♣.≈≈≈≈.≈..≈≈≈.♣♣♣♣
♣≈≈≈≈.≈..≈≈♣♣♣♣.≈≈≈≈≈≈.≈≈§.♣♣≈♣♣
≈≈≈≈≈≈≈≈≈.≈♣♣≈≈≈§≈≈≈....≈≈≈....♣
≈≈≈≈≈≈≈≈≈.♣♣♣.≈≈.≈≈.≈≈.≈≈≈≈....♣
≈≈≈≈≈.≈≈.≈♣ ♣.≈.@D)♣♣♣..≈≈.≈≈.♣♣
.≈..≈≈..≈♣♣ ♣♣.≈♣D≈♣♣♣≈≈≈.≈♣♣♣♣
.≈...≈♣♣♣♣ ♣♣♣♣♣♣...≈≈≈≈♣♣
..§...§≈.♣ ♣♣≈≈.≈≈.♣ .≈≈≈...≈≈♣
♣♣♣♣♣♣♣♣.≈≈≈♣ .≈≈≈≈≈...♣
♣.≈≈≈.♣♣≈.≈≈♣ ≈≈≈≈≈≈.♣♣♣
♣.≈≈≈≈♣♣♣.≈≈♣ .≈≈≈≈≈♣♣
♣♣♣≈≈≈≈≈≈♣♣♣.≈♣ ♣≈...≈♣
♣≈...≈≈≈≈.≈...♣


You could see the 27-headed Lernaean hydra and a seven-headed hydra.

Vanquished Creatures
  Nikola (Swamp:2)
  A tentacled monstrosity (Swamp:1)
  Jorgrun (Orc:2)
  2 thorn hunters (Swamp:2)
  Louise (Swamp:3)
  Aizul (Swamp:2)
  An ironheart preserver (D:14)
  A very ugly thing (Swamp:3)
  A fire dragon (Lair:6)
  Josephine (D:11)
  13 hydras
  4 ghost crabs
  A catoblepas (Lair:2)
  A shambling mangrove (Swamp:1)
  6 two-headed ogres
  An ogre mage (D:15)
  A centaur warrior (D:15)
  3 death yaks (Lair:4)
  4 death knights
  10 alligators
  Urug (Lair:6)
  2 spriggan druids (Swamp:2)
  5 skeletal warriors
  4 unseen horrors
  12 swamp dragons
  3 wizards (D:15)
  An orc knight (D:15)
  A lindwurm (Lair:5)
  A necromancer (D:10)
  Pikel (D:4)
  3 cyclopes (D:15)
  2 deep elf magi
  9 orc sorcerers
  2 manticores
  8 ugly things
  16 elephants
  8 black mambas
  Maurice (D:11)
  Psyche (D:10)
  Maggie (Lair:1)
  7 rime drakes
  14 cane toads
  2 kobold demonologists
  10 komodo dragons
  2 freezing wraiths
  7 tyrant leeches
  A troll (D:12)
  3 meliai
  3 hornets
  A queen bee (D:12)
  6 bog bodies
  5 hippogriffs
  5 blink frogs
  11 slime creatures
  A harpy skeleton (D:13)
  4 dream sheep (Lair:5)
  6 spriggans
  A water elemental (D:14)
  5 shadows
  Eustachio (D:4)
  41 yaks
  3 wyverns
  11 wraiths
  Grum (D:8)
  7 basilisks (Lair:6)
  2 steam dragons (Lair:6)
  9 vampire mosquitoes
  6 wargs (Orc:2)
  6 insubstantial wisps
  A harpy simulacrum (D:14)
  3 nagas
  20 swamp worms
  2 acid dragons
  16 water moccasins
  6 porcupines
  11 orc warriors
  6 sky beasts
  8 swamp drakes (Swamp:4)
  An ice beast (D:10)
  A phantom (D:5)
  2 necrophages
  8 centaurs
  2 lemures (D:4)
  13 ogres
  11 wolves
  14 crocodiles
  Blork the orc (D:5)
  7 big kobolds
  26 bullfrogs
  2 gnoll sergeants
  A wyvern zombie (D:12)
  A wyvern skeleton (D:13)
  3 scorpions
  31 killer bees
  24 wights
  2 bullfrog zombies
  2 electric eels
  7 howler monkeys
  3 centaur zombies
  A quasit (D:10)
  3 jellies
  13 orc priests
  2 bullfrog skeletons
  Crazy Yiuf (D:5)
  7 hounds
  44 orc wizards
  2 centaur skeletons
  5 iguanas
  11 worker ants
  5 polar bear simulacra (D:10)
  A wolf simulacrum (D:10)
  A hound skeleton (D:8)
  2 hound zombies
  3 worker ant zombies
  13 adders
  12 gnolls
  3 shadow imps
  4 white imps
  2 ufetubi
  An ooze (D:1)
  An adder skeleton (D:4)
  An adder zombie (D:5)
  2 worms
  4 dart slugs
  8 leopard geckos
  88 orcs
  2 ball pythons
  13 bats
  5 giant cockroaches
  5 goblins
  8 hobgoblins
  8 jackals
  3 quokkas
  3 frilled lizards (D:1)
  26 kobolds
  2 quokka skeletons
  4 rats
  5 river rat simulacra (D:10)
877 creatures vanquished.

Vanquished Creatures (others)
  A troll (D:7)
  An orc warrior (D:7)
  2 orc wizards (Orc:2)
  A worker ant (D:7)
  A jackal skeleton (D:7)
  53 fungi
  68 plants
  2 withered plants (D:9)
129 creatures vanquished.

Grand Total: 1006 creatures vanquished

Notes
Turn   | Place    | Note
-------+----------+-------------------------------------------
     0 | D:1      | royokou the Human Conjurer began the quest for the Orb.
     0 | D:1      | Reached XP level 1. HP: 13/13 MP: 3/3
   184 | D:1      | Reached XP level 2. HP: 19/19 MP: 3/5
   211 | D:1      | Learned a level 2 spell: Searing Ray
   574 | D:1      | Reached XP level 3. HP: 24/24 MP: 3/6
  1135 | D:2      | Found a sparkling altar of Nemelex Xobeh.
  1236 | D:2      | Reached skill level 5 in Conjurations
  1284 | D:2      | Found a radiant altar of Vehumet.
  1316 | D:2      | Became a worshipper of Vehumet
  1320 | D:2      | Reached XP level 4. HP: 30/30 MP: 3/7
  2054 | D:2      | Found a bloodstained altar of Trog.
  2203 | D:3      | Found a hide-covered altar of Uskayaw.
  2203 | D:3      | Noticed a +0 dagger
  2203 | D:3      | Noticed a +0 dagger
  2269 | D:3      | Reached XP level 5. HP: 29/35 MP: 1/8
  2681 | D:3      | Found a blossoming altar of Fedhas.
  2921 | D:3      | Reached * piety under Vehumet
  2921 | D:3      | Offered knowledge of Shock by Vehumet.
  2939 | D:3      | Found a shattered altar of Ashenzari.
  3004 | D:3      | Found a faded altar of an unknown god.
  3207 | D:4      | Learned a level 3 spell: Dazzling Flash
  3228 | D:4      | Noticed a lemure
  3245 | D:4      | Killed a lemure
  3294 | D:4      | Noticed a lemure
  3294 | D:4      | Noticed Pikel
  3296 | D:4      | Noticed a lemure
  3301 | D:4      | Noticed a lemure
  3308 | D:4      | Killed a lemure
  3309 | D:4      | Killed Pikel
  3309 | D:4      | Reached XP level 6. HP: 5/41 MP: 1/9
  3309 | D:4      | Reached XP level 7. HP: 6/46 MP: 1/10
  3580 | D:4      | Learned a level 4 spell: Iskenderun's Mystic Blast
  3763 | D:4      | Found a snail-covered altar of Cheibriados.
  4050 | D:4      | Reached XP level 8. HP: 52/52 MP: 7/11
  4308 | D:4      | Noticed Eustachio
  4328 | D:4      | Killed Eustachio
  4328 | D:4      | Reached skill level 10 in Conjurations
  4736 | D:4      | Gained mutation: You tend to lose your temper in combat.
                  | [potion of mutation]
  4736 | D:4      | Gained mutation: You are partially covered in yellow
                  | scales. (AC +2) [potion of mutation]
  4736 | D:4      | Gained mutation: Your mind is acute. (Int +2) [potion of
                  | mutation]
  4778 | D:5      | Entered Level 5 of the Dungeon
  4886 | D:5      | Noticed Blork the orc
  4900 | D:5      | Killed Blork the orc
  5169 | D:5      | Found Qemexego's Book Shoppe.
  5312 | D:5      | Found Umpotito's Book Boutique.
  5461 | D:5      | Reached XP level 9. HP: 57/57 MP: 8/12
  5728 | D:5      | Reached ** piety under Vehumet
  5728 | D:5      | Offered knowledge of Freeze by Vehumet.
  5762 | D:5      | Found Ebbidueg's Magic Scroll Shoppe.
  5774 | D:5      | Found Uhuurupp's Book Boutique.
  5814 | D:5      | Found Qyty Qenn's Gadget Emporium.
  5987 | D:5      | Found a runed translucent door.
  5988 | D:5      | Noticed Crazy Yiuf
  6002 | D:5      | Killed Crazy Yiuf
  6474 | D:6      | Found a staircase to the Ecumenical Temple.
  6491 | D:6      | Found a glowing silver altar of Zin.
  6830 | D:6      | Got a pair of dazzling boots
  6841 | D:6      | Identified the +1 pair of boots of Incorporation {rElec
                  | rPois MR++ Stlth-} (You found it on level 6 of the Dungeon)
  7223 | D:7      | Killed a troll
  7249 | D:7      | Noticed a hippogriff
  7587 | D:6      | Killed a hippogriff
  8036 | D:7      | Offered knowledge of Inner Flame by Vehumet.
  8055 | D:7      | Found a shimmering altar of Xom.
  8331 | D:7      | You fall into a shaft and drop 3 floors!
  8331 | D:10     | Entered Level 10 of the Dungeon
  8332 | D:10     | Noticed Psyche
  8335 | D:10     | Killed Psyche
  8335 | D:10     | Reached XP level 10. HP: 63/63 MP: 9/13
  8494 | D:10     | Reached *** piety under Vehumet
  8562 | D:10     | Identified the +6 quarterstaff "Saxosod" {elec, rN+ Stlth+}
  8966 | D:8      | Offered knowledge of Olgreb's Toxic Radiance by Vehumet.
  8966 | D:8      | Reached skill level 1 in Fighting
  9355 | D:8      | Noticed Grum
  9787 | D:8      | Reached **** piety under Vehumet
  9788 | D:8      | Killed Grum
  9790 | D:8      | Offered knowledge of Fireball by Vehumet.
  9797 | D:8      | Learned a level 5 spell: Fireball
  9925 | D:8      | Found a staircase to the Lair.
  9928 | D:8      | Found a runed translucent door.
  9929 | D:8      | Noticed miscthings's ghost (novice TrAr)
  9930 | D:8      | Identified the +9 spear of the Final Continents {protect,
                  | rPois Dex+3}
  9949 | D:8      | Found a glowing golden altar of the Shining One.
 10059 | D:8      | Reached XP level 11. HP: 75/75 MP: 1/17
 10072 | D:8      | Reached skill level 1 in Fire Magic
 10305 | D:8      | Found a basalt altar of Yredelemnul.
 10796 | D:8      | Found Nyaduah's Book Shop.
 10844 | D:8      | Found a shadowy altar of Dithmenos.
 11459 | D:9      | Noticed a two-headed ogre
 12331 | Lair:1   | Entered Level 1 of the Lair of Beasts
 12349 | Lair:1   | Reached skill level 5 in Dodging
 12478 | Lair:1   | Noticed Maggie
 12527 | Lair:1   | Killed Maggie
 12788 | Lair:1   | Noticed an eight-headed hydra
 12797 | Lair:1   | Killed an eight-headed hydra
 12797 | Lair:1   | Reached skill level 5 in Fighting
 12797 | Lair:1   | Reached skill level 5 in Spellcasting
 12864 | Lair:1   | Noticed a six-headed hydra
 12891 | Lair:1   | Killed a six-headed hydra
 13413 | Lair:1   | Reached ***** piety under Vehumet
 13452 | Lair:1   | Offered knowledge of Bolt of Magma by Vehumet.
 13459 | Lair:1   | Learned a level 5 spell: Bolt of Magma
 14491 | Lair:2   | Reached XP level 12. HP: 87/87 MP: 9/20
 14881 | Lair:2   | Noticed a catoblepas
 14889 | Lair:2   | Killed a catoblepas
 14889 | Lair:2   | Reached skill level 5 in Fire Magic
 17231 | Lair:3   | Found a staircase to the Swamp.
 17766 | Lair:4   | Reached XP level 13. HP: 96/98 MP: 12/24
 17852 | Lair:4   | Found a staircase to the Snake Pit.
 18968 | Lair:4   | Identified a scroll of acquirement
 18968 | Lair:4   | Acquired 540 gold pieces
 19815 | Lair:5   | Found a viscous altar of Jiyva.
 19815 | Lair:5   | Found a staircase to the Slime Pits.
 20341 | Lair:6   | Entered Level 6 of the Lair of Beasts
 20342 | Lair:6   | Noticed Urug
 20345 | Lair:6   | Killed Urug
 20460 | Lair:6   | Noticed a seven-headed hydra
 20505 | Lair:5   | Killed a seven-headed hydra
 20908 | Lair:6   | Reached XP level 14. HP: 94/108 MP: 22/26
 21309 | Lair:5   | Reached skill level 10 in Fire Magic
 22069 | Lair:6   | Reached skill level 10 in Dodging
 23118 | D:8      | Bought a book of Power for 585 gold pieces
 23126 | D:8      | Learned a level 7 spell: Orb of Destruction
 23223 | D:5      | Bought a book of Fire for 780 gold pieces
 23473 | D:9      | Found Tearuysm's Antique Armour Boutique.
 23694 | D:9      | Reached skill level 10 in Fighting
 23749 | D:9      | Found an ancient bone altar of Kikubaaqudgha.
 24555 | D:11     | Noticed Maurice
 24557 | D:11     | Killed Maurice
 24668 | D:10     | Offered knowledge of Lightning Bolt by Vehumet.
 24677 | D:10     | Learned a level 5 spell: Iskenderun's Battlesphere
 25394 | D:11     | Noticed Josephine
 25400 | D:11     | Killed Josephine
 25526 | D:11     | Found a staircase to the Orcish Mines.
 25709 | D:11     | Found an ornate altar of the Wu Jian Council.
 26092 | Orc:1    | Entered Level 1 of the Orcish Mines
 26109 | Orc:1    | Reached XP level 15. HP: 117/117 MP: 20/28
 26149 | Orc:1    | Found a bloodstained altar of Trog.
 26229 | Orc:1    | Found a roughly hewn altar of Beogh.
 26413 | Orc:2    | Entered Level 2 of the Orcish Mines
 26506 | Orc:2    | Found a staircase to the Elven Halls.
 26626 | Orc:2    | Reached skill level 10 in Spellcasting
 26629 | Orc:2    | Offered knowledge of Freezing Cloud by Vehumet.
 26710 | Orc:2    | Found a roughly hewn altar of Beogh.
 26725 | Orc:2    | Found Vytapsawk's Jewellery Emporium.
 26733 | Orc:2    | Found Cikhanae's Antique Weapon Shop.
 26734 | Orc:2    | Noticed Jorgrun
 26808 | Orc:2    | Killed Jorgrun
 27361 | Orc:2    | Found Uloaffuqum's Weapon Shop.
 27366 | Orc:2    | Found Gumun's Weapon Emporium.
 27559 | Orc:2    | Found a roughly hewn altar of Beogh.
 28937 | D:12     | Offered knowledge of Conjure Ball Lightning by Vehumet.
 29856 | D:13     | Found a portal to a secret trove of treasure.
 29966 | D:13     | Found Axeyng's Antique Armour Shoppe.
 29983 | D:13     | Got an ancient helmet
 29994 | D:13     | Identified the cursed +0 helmet of the Kettle-Drum {-Cast
                  | rPois rF+} (You found it on level 13 of the Dungeon)
 31902 | D:14     | Found a gate to the Vaults.
 31902 | D:14     | Noticed an ironheart preserver
 31918 | D:14     | Killed an ironheart preserver
 32341 | D:15     | Entered Level 15 of the Dungeon
 32517 | D:15     | Reached XP level 16. HP: 82/123 MP: 7/31
 33308 | D:15     | Found a staircase to the Depths.
 33627 | D:15     | Reached skill level 15 in Conjurations
 33629 | D:15     | Offered knowledge of Ozocubu's Refrigeration by Vehumet.
 34767 | Swamp:1  | Entered Level 1 of the Swamp
 34890 | Swamp:1  | Acquired an uncursed staff of conjuration
 35669 | Swamp:1  | Noticed a tentacled monstrosity
 35687 | Swamp:1  | Killed a tentacled monstrosity
 35693 | Swamp:1  | Identified the Catalogue of Ghastly Companions
 35972 | Swamp:2  | Noticed Aizul
 35975 | Swamp:2  | Killed Aizul
 36059 | Swamp:2  | Reached skill level 15 in Fire Magic
 36096 | Swamp:2  | Noticed a thorn hunter
 36107 | Swamp:2  | Killed a thorn hunter
 36409 | Swamp:2  | Noticed Nikola
 36415 | Swamp:2  | Killed Nikola
 37009 | Swamp:2  | Reached XP level 17. HP: 129/129 MP: 23/32
 37009 | Swamp:2  | Noticed a thorn hunter
 37011 | Swamp:2  | Killed a thorn hunter
 37608 | Swamp:3  | Noticed Louise
 37675 | Swamp:3  | Killed Louise
 37856 | Swamp:3  | Reached ****** piety under Vehumet
 37856 | Swamp:3  | Offered knowledge of Irradiate by Vehumet.
 38191 | Swamp:4  | Entered Level 4 of the Swamp
 38502 | Swamp:4  | Got a slimy turquoise ring
 38504 | Swamp:4  | Identified the ring of Vyatze {rF++ rC+++ Str-4 Int+6} (You
                  | found it on level 4 of the Swamp)
 38865 | Swamp:4  | Noticed the 27-headed Lernaean hydra
 39091 | Swamp:4  | Slain by the 27-headed Lernaean hydra

Illustrated notes

Levels and vault maps discovered:
D:1:      lightli_arrival_chessboard, layout_loops_cross, serial_bayou_pond_b
D:2:      layout_basic, nemelex_xobeh_ov_fountains_minmay, lemuel_round_altar,
          lightli_temple_of_fire, minmay_tripent
D:3:      layout_loops_ring, lemuel_doored_altar, dancing_weapons_uskayaw,
          lemuel_round_altar, chequers_ecumenical_altar_simple_redux
D:4:      layout_loops_cross, kennysheep_slug_shrine, uniq_pikel, uniq_eustachio
D:5:      layout_loops_corners, serial_shops, shop, shop, shop, shop,
          kennysheep_mini, uniq_crazy_yiuf_cottage, uniq_blork_the_orc
D:6:      layout_basic, zin_statuary, minmay_temple_entry_slanted,
          minmay_misc_feat_encased, feat_on_display
D:7:      layout_cave_pools, xom_confusion_cloud
D:8:      layout_layer_cave, nicolae_tso_carved_into_rock,
          nicolae_dithmenos_shadow_blocks, overflow_temple_1_default,
          lair_entry_dummy, serial_shops, shop, ebering_ghost_funeral_grove,
          uniq_grum
D:9:      layout_cave_pools, kiku_gazebo_garden_becter, serial_shops, shop
D:10:     layout_basic, minmay_misc_feat_chi, eino_house_with_fridge,
          uniq_psyche
D:11:     layout_long_grid, david_orc_2, basic_altar, uniq_josephine,
          uniq_maurice
D:12:     minmay_angry_zag, layout_cave_pods, gauntlet_entry_generic,
          special_room [special_room_bee]
D:13:     layout_long_grid, trove_entry_hex_spiral, serial_shops, shop
D:14:     layout_small_grid, skrybe_vaults_entry_preservation, nicolae_sextant,
          water_maze_lemuel
D:15:     grunt_enter_depths_magical_seal, layout_rooms, abandoned_shop,
          drop_trap
Lair:1:   layout_gridlike, cheibrodos_lair_caveside_slide, uniq_maggie
Lair:2:   layout_regular_city
Lair:3:   layout_concentric_octagons, nicolae_swamp_entry_splash_gauntlet
Lair:4:   layout_regular_city, minmay_snake_entry_guardpost_small, minivault_23,
          grunt_megastairs_5
Lair:5:   layout_concentric_octagons, slime_altar_1,
          nicolae_volcano_entry_vermiform, lemuel_fruit_tree
Lair:6:   guppyfry_lair_end_dragon, layout_regular_city, serial_bayou_shore_a,
          uniq_urug
Swamp:1:  cheibrodos_swamp_monstrosity, layout_basic_swamp,
          evilmike_swamp_ruin_house_1
Swamp:2:  layout_falls_marsh, wheals_swamp_sinkhole, uniq_aizul, uniq_nikola
Swamp:3:  layout_basic_swamp, evilmike_swamp_ruin_house_5, swamp_pool1,
          uniq_louise
Swamp:4:  swamp_old_school, layout_basic_swamp
Orc:1:    layout_caves, basic_altar, bloody_trog
Orc:2:    st_orc_town, layout_diamond_mine, basic_altar, uniq_jorgrun

Skill      XL: |  1  2  3  4  5  6  7  8  9 10 11 12 13 14 15 16 17 |
---------------+----------------------------------------------------+-----
Conjurations   | 5 8 9 10 13 14 15 16 | 16.5
Fighting       | 3 5 7 9 10 | 10.4
Dodging        | 4 6 8 9 10 | 10.0
Spellcasting   | 4 5 7 8 9 11 | 11.4
Fire Magic     | 4 6 9 11 13 15 16 | 16.6
Stealth        | |  2.1

Action                   |  1- 3 |  4- 6 |  7- 9 | 10-12 | 13-15 | 16-18 || total
-------------------------+-------+-------+-------+-------+-------+-------++-------
Melee: Unarmed           |     3 |       |       |       |       |       ||     3
       Spear             |    39 |    10 |       |       |       |       ||    49
       Flail             |       |     4 |       |       |       |       ||     4
       Dagger            |       |       |    65 |    14 |       |       ||    79
       Quarterstaff      |       |       |       |   110 |   188 |    35 ||   333
       Staff             |       |       |       |       |       |    41 ||    41
 Cast: Magic Dart        |    47 |    49 |   166 |   238 |   388 |    28 ||   916
       Searing Ray       |     1 |     8 |    26 |    68 |   111 |    14 ||   228
       Iskenderun's Myst |       |       |     8 |    30 |    75 |     6 ||   119
       Fireball          |       |       |       |    10 |    41 |    92 ||   143
       Bolt of Magma     |       |       |       |    27 |   159 |    85 ||   271
       Dazzling Flash    |       |       |       |     1 |    16 |     6 ||    23
       Iskenderun's Batt |       |       |       |       |    50 |     6 ||    56
       Orb of Destructio |       |       |       |       |     5 |    56 ||    61
  Use: Scroll            |       |       |    13 |     2 |    16 |     6 ||    37
       Potion            |       |       |     2 |     5 |     6 |     3 ||    16
 Stab: Invisible         |       |       |       |       |     2 |     1 ||     3
Armor: Leather armour    |    25 |    11 |       |       |       |       ||    36
       Robe              |     2 |       |    54 |   104 |       |       ||   160
       Steam dragon scal |       |       |       |    55 |   250 |   104 ||   409
       Swamp dragon scal |       |       |       |       |       |    64 ||    64
Dodge: Dodged            |    43 |    17 |    70 |   265 |   559 |   166 ||  1120

Table legend: (Time is in decaauts)
 A = Elapsed time spent in this place.
 B = Non-inter-level travel time spent in this place.
 C = Inter-level travel time spent in this place.
 D = Time resting spent in this place.
 E = Time spent auto-exploring this place.
 F = Levels seen in this place.
 G = Mean time per level.
                   A        B        C        D        E       F      G
               +--------+--------+--------+--------+--------+-----+--------+
         Total |  39484 |  38056 |   1428 |  10718 |  20084 |  27 | 1462.4 |
       Dungeon |  22375 |  21372 |   1003 |   5000 |  12405 |  15 | 1491.7 |
          Lair |  10965 |  10622 |    343 |   3786 |   4526 |   6 | 1827.5 |
         Swamp |   4504 |   4457 |     47 |   1550 |   2172 |   4 | 1126.0 |
  Orcish Mines |   1638 |   1604 |     34 |    382 |    981 |   2 |  819.0 |
               +--------+--------+--------+--------+--------+-----+--------+

Top non-repeatable levels by time:
     D:8: 2387 daAuts
    D:14: 2160 daAuts
  Lair:5: 2113 daAuts
  Lair:3: 2024 daAuts
  Lair:1: 2009 daAuts
    D:10: 1863 daAuts
  Lair:6: 1810 daAuts
    D:11: 1783 daAuts
     D:6: 1720 daAuts
  Lair:2: 1673 daAuts
 Swamp:2: 1625 daAuts
     D:5: 1620 daAuts
     D:4: 1594 daAuts
    D:13: 1531 daAuts
    D:12: 1488 daAuts
